 Dungeon Crawl Stone Soup version 0.26.1-11-gd32895ea62 (webtiles) character file.

Game seed: 5000836704494779835

440 DearestLeader the Poker (level 7, -1/46 HPs)
             Began as a Merfolk Summoner on Apr 23, 2021.
             Was an Initiate of Cheibriados.
             Shot with an arrow by a centaur (7 damage)
             ... on level 5 of the Dungeon.
             The game lasted 00:13:03 (4827 turns).

DearestLeader the Poker (Merfolk Summoner)          Turns: 4827, Time: 00:13:04

Health: -1/46      AC:  4    Str:  9    XL:     7   Next: 2%
Magic:  2/10       EV: 12    Int: 17    God:    Cheibriados [......]
Gold:   106        SH:  0    Dex: 16    Spells: 4/10 levels left

rFire    . . .     SeeInvis .   v - +1 trident
rCold    . . .     Faith    .   (no shield)
rNeg     + . .     Spirit   .   x - +0 leather armour
rPois    .         Reflect  .   (no helmet)
rElec    .         Harm     .   f - +0 cloak
rCorr    .         Rampage  .   (no gloves)
Will     .....                  (no boots)
Stlth    ++........             (no amulet)
HPRegen  0.15/turn              t - ring of positive energy
MPRegen  0.12/turn              (no ring)

@: attractive, very slow
A: change form in water, swift swim, stealthy swim
a: Renounce Religion, Bend Time


You were on level 5 of the Dungeon.
You worshipped Cheibriados.
Cheibriados was noncommittal.
You visited 2 branches of the dungeon, and saw 6 of its levels.

You collected 106 gold pieces.

Inventory:

Hand Weapons
 i - a +0 hunting sling
 o - a +2 dagger of venom
 v - a +1 trident (weapon)
Missiles
 j - 44 stones
Armour
 f - a +0 cloak (worn)
 x - a +0 leather armour (worn)
Jewellery
 t - a ring of positive energy (left hand)
Scrolls
 a - 3 scrolls of random uselessness
 h - a scroll of noise
 m - 2 scrolls of fog
 p - 2 scrolls of remove curse
 u - a scroll of enchant armour
 w - 2 scrolls of immolation
Potions
 b - 2 potions of haste
 c - 2 potions of berserk rage
 d - 2 potions of attraction
 e - a potion of flight {unknown}
 g - a potion of heal wounds {unknown}
 k - a potion of invisibility {unknown}
 l - 2 potions of degeneration {unknown}
 q - 2 potions of brilliance {unknown}
 s - 2 potions of curing {unknown}


   Skills:
 * Level 6.6 Polearms
 - Level 2.6 Dodging
 - Level 2.1 Stealth
 - Level 2.0 Spellcasting
 + Level 6.5 Summonings


You had 4 spell levels left.
You knew the following spells:

 Your Spells              Type           Power        Failure   Level
a - Summon Small Mammal   Summ           96%          1%          1
b - Call Imp              Summ           24%          2%          2
c - Summon Guardian Gole  Hex/Summ       12%          22%         3

Your spell library contained the following spells:

 Spells                   Type           Power        Failure   Level
 Call Canine Familiar     Summ           24%          5%          3
 Beastly Appendage        Tmut           2%           26%         1
 Magic Dart               Conj           4%           26%         1
 Searing Ray              Conj           2%           38%         2
 Wereblood                Tmut           1%           38%         2
 Summon Ice Beast         Ice/Summ       12%          56%         4
 Summon Lightning Spire   Summ/Air       12%          56%         4
 Dazzling Flash           Conj/Hex       2%           63%         3
 Spider Form              Tmut/Pois      0%           63%         3
 Fulminant Prism          Conj/Hex       0%           95%         4
 Ice Form                 Ice/Tmut       1%           95%         4
 Iskenderun's Mystic Bla  Conj/Tloc      1%           95%         4
 Blade Hands              Tmut           0%           100%        5


Dungeon Overview and Level Annotations

Branches:
Dungeon (5/15)             Temple (1/1) D:4

Altars:
Ashenzari
Cheibriados
Dithmenos
Elyvilon
Fedhas
Makhleb
Xom
The Shining One


Message History

You reach to attack!
You hit the centaur.
The centaur is moderately wounded.
The centaur shoots an arrow.
The arrow hits your iron imp.
The centaur unwields a +0 shortbow.
The centaur hits your iron imp.
Your iron imp hits the centaur but does no damage.
Your magical contamination has completely faded away.
Reach: v) +1 trident
Press: ? - help, Dir - move target, f/p - centaur
Aim: a centaur, quivering 18 arrows (moderately wounded, fast)
You reach to attack!
You closely miss the centaur.
The centaur is moderately wounded.
The centaur wields a +0 shortbow.
The centaur shoots an arrow.
The arrow hits your iron imp!
The centaur shoots an arrow.
The arrow hits your iron imp!
Your iron imp dies!
A howler monkey comes into view.
It was a potion of attraction.
You feel attractive to monsters.
The centaur shoots an arrow.
The arrow hits you!
You die...

.## #.#.###.##### .#
#...........## .##
##............ #
#.###.##.###.#.#.# .#
##....##.###.#.#.####.##
....#.##.......<...#...#
###.#........5(..c(..#
#.##########.#(#(#...#
#.# #...@#.# ## #.#
#..###.h #.# #..# #c.#
#.. h.... .... ###
###.## #..## #. #..#
#...


You could see a centaur (fast), a howler monkey and a friendly crimson imp
(summoned).

Vanquished Creatures
  An ogre (D:3)
  2 hounds (D:4)
  A worker ant (D:4)
  2 adders (D:2)
  A white imp (D:5)
  An ufetubus (D:5)
  An adder skeleton (D:4)
  A worm (D:4)
  2 leopard geckos
  8 orcs
  A giant cockroach (D:2)
  5 hobgoblins
  2 jackals (D:3)
  A quokka (D:4)
  A ball python (D:3)
  3 bats
  A frilled lizard (D:3)
  7 goblins
  3 kobolds
  3 rats
47 creatures vanquished.

Vanquished Creatures (collateral kills)
  A phantom (D:4)
  2 howler monkeys
  3 orc priests
  3 orc wizards
  2 worker ants (D:4)
  An adder (D:2)
  A gnoll (D:4)
  An ooze (D:1)
  A worm (D:2)
  A dart slug (D:2)
  A leopard gecko (D:2)
  6 orcs
  2 hobgoblins (D:1)
  A ball python (D:4)
  9 goblins
  A kobold (D:3)
36 creatures vanquished.

Grand Total: 83 creatures vanquished

Notes
Turn   | Place    | Note
-------+----------+-------------------------------------------
     0 | D:1      | DearestLeader the Merfolk Summoner began the quest for the
                  | Orb.
     0 | D:1      | Reached XP level 1. HP: 13/13 MP: 3/3
   581 | D:1      | Reached XP level 2. HP: 19/19 MP: 5/5
   995 | D:2      | Learned a level 2 spell: Call Imp
  1240 | D:2      | Reached XP level 3. HP: 24/24 MP: 6/6
  1438 | D:2      | Reached skill level 1 in Polearms
  1567 | D:2      | Reached skill level 5 in Summonings
  1991 | D:2      | Found a blossoming altar of Fedhas.
  2381 | D:3      | Noticed an ogre
  2394 | D:3      | Killed an ogre
  2395 | D:3      | Reached XP level 4. HP: 30/30 MP: 1/7
  2520 | D:3      | Reached XP level 5. HP: 35/35 MP: 8/8
  3528 | D:4      | Noticed a phantom
  3651 | D:4      | Killed a phantom
  3652 | D:4      | Reached skill level 5 in Polearms
  3652 | D:4      | Reached XP level 6. HP: 25/41 MP: 1/9
  3656 | D:4      | Learned a level 3 spell: Summon Guardian Golem
  3776 | D:4      | Found a broken altar of Ashenzari.
  4454 | D:4      | Found a staircase to the Ecumenical Temple.
  4463 | Temple   | Entered the Ecumenical Temple
  4548 | Temple   | Became a worshipper of Cheibriados the Contemplative
  4691 | D:5      | Entered Level 5 of the Dungeon
  4825 | D:5      | Reached XP level 7. HP: 5/46 MP: 2/10
  4827 | D:5      | Shot with an arrow by a centaur

Illustrated notes

Levels and vault maps discovered:
D:1:      dpeg_arrival_rooms_with_view, layout_loops_ring
D:2:      layout_basic, fedhas_altar_4
D:3:      layout_loops_ring
D:4:      layout_basic, nicolae_overflow_crystal_walls,
          minmay_temple_entry_poolview, cheibrodos_gnoll_hut
D:5:      layout_loops_ring, basic_altar, enter_ossuary_5,
          mrwooster_statue_mirror, hangedman_abyss_or_decor_lesser_grid
Temple:   minmay_temple_curvy_branch

Skill      XL: |  1  2  3  4  5  6 |
---------------+-------------------+-----
Polearms       | 3 5 6 |  6.6
Summonings     | 5 6 |  6.5
Dodging        | |  2.6
Stealth        | |  2.1
Spellcasting   | |  2.0

Action                   |  1- 3 |  4- 6 |  7- 9 || total
-------------------------+-------+-------+-------++-------
Melee: Spear             |    19 |   111 |       ||   130
       Trident           |       |    73 |     2 ||    75
 Fire: Hunting sling     |    76 |       |       ||    76
 Cast: Summon Small Mamm |    25 |     6 |       ||    31
       Call Imp          |    17 |    33 |       ||    50
  Use: Scroll            |     5 |     5 |       ||    10
       Potion            |       |       |     1 ||     1
 Stab: Sleeping          |       |     6 |       ||     6
Armor: Robe              |    12 |    21 |       ||    33
       Leather armour    |       |    11 |       ||    11
Dodge: Dodged            |    26 |    96 |       ||   122
